AoeStats
← Tapwater2000

Arena

504383219Analyzed
2v2 RM · 27d ago on Sep 5, 2026· 43m 30s· 4 players
Game mode
Random Map
Map size
Medium (4 player)
Population
200
Speed
Normal
Resources
Standard
Victory
Conquest
Starting age
Dark Age
Ending age
Imperial Age
RankedLock teamsTeams togetherTeam positionsShared explorationLock speedFull tech treeHidden civsTurbo modeCheats
Victory
Defeat
🇸🇪 Hindustanis · Sweden
1589
+15
🇺🇸 Teutons · United States
1560
+16
🇦🇷 Cumans · Argentina
1619
-17
🇦🇷 Bohemians · Argentina
1524
-14
le ignacio
5:08 Loom
9:50 Feudal Age
17:24 Horse Collar
25:34 Double-Bit Axe
28:44 Castle Age
27:35 Wheelbarrow
29:05 Town Watch
30:13 Scale Barding Armor
30:18 Forging
30:06 Capped Ram
31:52 Chain Barding Armor
34:09 Fletching
Teutonio
10:32 Feudal Age
14:10 Castle Age
12:41 Horse Collar
13:19 Double-Bit Axe
15:57 Fervor
19:29 Sanctity
22:43 Wheelbarrow
22:52 Loom
23:27 Bow Saw
23:18 Heavy Plow
28:14 Imperial Age
26:41 Padded Archer Armor
27:53 Chemistry
27:32 Hand Cart
27:19 Town Watch
28:37 Town Patrol
28:50 Padded Archer Armor
29:56 Leather Archer Armor
30:27 Devotion
31:39 Ring Archer Armor
34:19 Fletching
34:12 Elite Skirmisher
35:04 Bodkin Arrow
36:22 Redemption
36:28 Block Printing
36:21 Wagenburg Tactics
36:37 Conscription
36:27 Hussite Reforms
37:40 Illumination
37:03 Pikeman
37:44 Squires
38:00 Bracer
38:51 Scale Mail Armor
39:01 Forging
40:12 Halberdier
43:00 Chain Mail Armor
43:24 Iron Casting
WavyDavyBby
6:18 Loom
8:45 Feudal Age
13:28 Fletching
15:48 Double-Bit Axe
25:17 Castle Age
23:47 Horse Collar
26:02 Bodkin Arrow
27:31 Bow Saw
31:50 Guard Tower
39:01 Imperial Age
39:39 Scale Barding Armor
40:54 Ballistics
40:45 Gold Mining
41:37 Chain Barding Armor
Tapwater2000
10:56 Feudal Age
12:43 Double-Bit Axe
15:29 Castle Age
14:05 Horse Collar
18:14 Bow Saw
25:22 Wheelbarrow
25:09 Loom
26:03 Redemption
25:55 Gold Mining
29:14 Imperial Age
27:29 Sanctity
27:35 Hand Cart
29:17 Redemption
30:58 Chemistry
30:01 Padded Archer Armor
30:42 Block Printing
30:49 Conscription
31:22 Leather Archer Armor
30:55 Light Cavalry
31:46 Bloodlines
32:50 Fletching
36:17 Scale Barding Armor
38:24 Chain Barding Armor
38:09 Husbandry
38:39 Forging
39:13 Ring Archer Armor
38:25 Hussar
39:58 Plate Barding Armor
40:30 Heavy Plow
41:33 Iron Casting
44:09 Blast Furnace
44:05 Siege Engineers
44:11 Masonry
Connection lost

Rejoining the realm…

Still unreachable

The connection could not be restored.

Session expired

The server has moved on; the page needs a fresh start.